 Dungeon Crawl Stone Soup version 0.31.0-11-ge490571c62 (webtiles) character file.

Game seed: 16355357521034764443

24 monsoonserge the Conjurer (level 3, 21/21 HPs)
             Began as a Tengu Reaver on Feb 1, 2024.
             Was an Initiate of Yredelemnul.
             Quit the game on level 2 of the Dungeon.
             The game lasted 00:02:05 (743 turns).

monsoonserge the Conjurer (Tengu Reaver)             Turns: 743, Time: 00:02:06

Health: 21/21      AC:  6    Str: 12    XL:     3   Next: 2%
Magic:  7/7        EV: 25    Int: 15    God:    Yredelemnul [......]
Gold:   61         SH:  0    Dex: 12    Spells: 5/6 levels left

rFire   . . .        a - +0 hand axe
rCold   . . .        (no shield)
rNeg    . . .        g - +0 ring mail
rPois   .            (helmet restricted)
rElec   .            i - +0 cloak
rCorr   .            (no gloves)
SInv    .            (boots unavailable)
Will    .....        (no amulet)
Stlth   +            (no ring)
HPRegen 0.23/turn    (no ring)
MPRegen 0.10/turn

%: acrobat
@: acrobatic
A: beak, talons 3, acrobatic
a: Renounce Religion, Recall Undead Harvest


You were on level 2 of the Dungeon.
You worshipped Yredelemnul.
Yredelemnul was noncommittal.
You visited 1 branch of the dungeon, and saw 2 of its levels.

You collected 61 gold pieces.

Inventory:

Hand Weapons
 a - a +0 hand axe (weapon)
Missiles
 k - 2 poisoned darts
Armour
 b - a +0 leather armour
 g - a +0 ring mail (worn)
 i - a +0 cloak (worn)
Scrolls
 c - 2 scrolls of identify {unknown}
 e - 2 scrolls of revelation {unknown}
 f - a scroll of teleportation {unknown}
 l - a scroll of enchant armour {unknown}
Potions
 d - a potion of curing {unknown}
 h - a potion of mutation {unknown}
 j - a potion of heal wounds {unknown}
 m - a potion of haste {unknown}


   Skills:
 + Level 2.1 Fighting
 + Level 3.8 Axes
 + Level 0.2 Armour
 + Level 2.2 Dodging
 + Level 2.0 Spellcasting
 + Level 4.4 Conjurations
 * Level 0.3 Invocations


You had 5 spell levels left.
You knew the following spells:

 Your Spells              Type           Power      Damage    Failure   Level
a - Kiss of Death         Conj/Necr      32%        2d7       21%         1

Your spell library contained the following spells:

 Spells                   Type           Power      Damage    Failure   Level
 Momentum Strike          Conj/Tloc      16%        3d8       30%         2
 Hailstorm                Conj/Ice       8%         3d5       52%         3
 Mercury Vapours          Alch/Air       2%         N/A       58%         2
 Mephitic Cloud           Conj/Alch/Air  6%         N/A       63%         3
 Freezing Cloud           Conj/Ice/Air   3%         6-21      100%        5


Dungeon Overview and Level Annotations

Branches:
Dungeon (2/15)

Altars:
Yredelemnul


Innate Abilities, Weirdness & Mutations

You have a beak for a mouth.
You have claws for feet.
You can magically evade attacks while moving or waiting.


Message History

Things that are here:
a +0 short sword; 2 poisoned darts
k - 2 poisoned darts
Found a scroll labelled RAORGH SEPH and a metallic coppery potion.
Found a dagger.
You pick up a book of Vapours and begin reading...
You add the spells Mercury Vapours, Mephitic Cloud and Freezing Cloud to your library.
There are no items here.
Okay, then.
l - a scroll labelled RAORGH SEPH
There are no items here.
m - a metallic coppery potion
There are no items here.
A bat comes into view.
A bat is nearby!
The bat misses you.
You hit the bat. Your kick misses the bat. Your peck misses the bat.
The bat is moderately wounded.
The bat hits you but does no damage. The bat closely misses you.
You slash the bat!
You kill the bat!
You have reached level 3!
Your experience leads to an increase in your attributes!
Increase (S)trength, (I)ntelligence, or (D)exterity?
You feel clever. x2
A rat comes into view.
The rat squeaks loudly.
The rat barely misses you.
You closely miss the rat. You peck the rat.
The rat is moderately wounded.
The rat bites you but does no damage.
You hit the rat.
You kill the rat!
The dead are walking!
You swap places.
You swap places.
Found 6 stones.
Found a stone staircase leading down.
Are you sure you want to abandon this character and quit the game? (Confirm with "yes".)

...............
#####...........
#..#####...............
#..........#...........
#.......##.#...........
#..#######.#...........
#>.........#...........
##.#####..###...........
......(@Z..##...........
##.#######..############
..... #.### .. #.. ...


You could see a friendly rat zombie.

Vanquished Creatures
  A dart slug (D:1)
  2 ball pythons (D:1)
  An endoplasm (D:1)
  A giant cockroach (D:1)
  4 goblins (D:1)
  A hobgoblin (D:1)
  3 kobolds
  A quokka (D:1)
  2 bats
  2 rats
18 creatures vanquished.

Vanquished Creatures (collateral kills)
  A bat (D:1)
  A goblin (D:1)
2 creatures vanquished.

Grand Total: 20 creatures vanquished

Notes
Turn   | Place    | Note
-------+----------+-------------------------------------------
     0 | D:1      | monsoonserge the Tengu Reaver began the quest for the Orb.
     0 | D:1      | Reached XP level 1. HP: 12/12 MP: 4/4
   107 | D:1      | Reached XP level 2. HP: 17/17 MP: 6/6
   272 | D:1      | Found a faded altar of an unknown god.
   280 | D:1      | Prayed at the altar of an unknown god.
   280 | D:1      | Became a worshipper of Yredelemnul the Dark
   280 | D:1      | Reached * piety under Yredelemnul
   590 | D:1      | Reached ** piety under Yredelemnul
   723 | D:2      | Reached XP level 3. HP: 21/21 MP: 7/7
   743 | D:2      | Quit the game

Illustrated notes

Levels and vault maps discovered:
D:1:      giann_bridges, layout_loops_ring, basic_ecumenical_altar
D:2:      layout_basic, basic_altar

Action                     || total
---------------------------++-------
  Melee: Hand axe          ||    31
         Kick              ||     8
         Peck              ||     6
 Armour: Leather armour    ||     5
         Ring mail         ||    12
  Dodge: Dodged            ||    28
